 Dungeon Crawl Stone Soup version 0.22-a0-570-g58866f5 (webtiles) character file.

1544 royokou the Destroyer (level 8, -4/43 HPs)
             Began as a Deep Elf Conjurer on July 1, 2018.
             Was a Follower of Vehumet.
             Splashed by Pikel's acid (13 damage)
             ... on level 6 of the Dungeon.
             The game lasted 00:42:12 (7036 turns).

royokou the Destroyer (Deep Elf Conjurer)           Turns: 7036, Time: 00:42:15

Health: -4/43      AC:  4    Str:  5    XL:     8   Next: 56%
Magic:  11/19      EV: 16    Int: 26    God:    Vehumet [*.....]
Gold:   343        SH:  0    Dex: 15    Spells: 2/20 levels left

rFire    . . .     SeeInvis .   r - +1 short sword
rCold    . . .     Gourm    .   (no shield)
rNeg     + . .     Faith    .   a - +1 robe
rPois    .         Spirit   .   v - +0 helmet
rElec    .         Reflect  .   (no cloak)
rCorr    .         Harm     .   (no gloves)
MR       .....                  (no boots)
Stlth    ++........             (no amulet)
HPRegen  0.14/turn              x - +3 ring of intelligence
MPRegen  0.16/turn              l - ring of positive energy

@: no status effects
A: no striking features
a: Renounce Religion


You were on level 6 of the Dungeon.
You worshipped Vehumet.
Vehumet was aware of your devotion.
You were not hungry.

You visited 2 branches of the dungeon, and saw 7 of its levels.

You collected 343 gold pieces.

Inventory:

Hand Weapons
 d - a +0 dagger
 r - a +1 short sword (weapon)
Armour
 a - a +1 robe (worn)
 t - a +2 ring mail of poison resistance
 v - a +0 helmet (worn)
Magical Staves
 p - an uncursed staff of air
Jewellery
 k - an uncursed ring of see invisible
 l - a ring of positive energy (right hand)
 x - a +3 ring of intelligence (left hand)
Wands
 n - a wand of acid (9)
 q - a wand of clouds (5)
 u - a wand of iceblast (9)
 z - a wand of scattershot (8)
Scrolls
 b - a scroll of immolation
 f - 2 scrolls of fear
 h - 2 scrolls of remove curse
 j - 2 scrolls of magic mapping
 m - a scroll of enchant armour
 y - 3 scrolls of teleportation
 A - a scroll of amnesia {unknown}
Potions
 e - a potion of mutation
 g - 5 potions of curing {unknown}
 i - a potion of resistance
 o - a potion of flight {unknown}
 s - a potion of brilliance {unknown}
 w - a potion of heal wounds
Comestibles
 c - 8 rations


   Skills:
 + Level 1.0 Fighting
 + Level 6.7 Dodging
 - Level 2.4 Stealth
 - Level 6.5 Spellcasting
 - Level 9.3 Conjurations
 - Level 2.5 Hexes
 - Level 2.1 Translocations


You had 2 spell levels left.
You knew the following spells:

 Your Spells              Type           Power        Failure   Level  Hunger
a - Magic Dart            Conj           ####         1%          1    None
b - Searing Ray           Conj           ######       1%          2    None
c - Dazzling Spray        Conj/Hex       #####.       1%          3    None
d - Iskenderun's Mystic   Conj           ######..     1%          4    ###....
e - Fulminant Prism       Conj/Hex       #####.....   5%          4    ###....
f - Force Lance           Conj/Tloc      #####...     6%          4    ###....

Your spell library contained the following spells:

 Spells                   Type           Power        Failure   Level  Hunger


Dungeon Overview and Level Annotations

Branches:
Dungeon (6/15)             Temple (1/1) D:5

Altars:
Dithmenos
Gozag
Qazlal
Ru
Trog
Uskayaw
Vehumet
Xom

Annotations:
D:6 Eustachio, Pikel, Sigmund


Message History

Casting: Magic Dart (safe; 1% risk of failure)
Confirm with . or Enter, or press ? or * to list all spells.
Aiming: Iskenderun's Mystic Blast (safe; 1% risk of failure)
Press: ? - help, Shift-Dir - straight line, f - Pikel
Aim: Pikel, wielding a whip of electrocution, wearing a robe and carrying a wand of acid (2)
The orb of energy hits Pikel.
Pikel is heavily wounded.
Casting: Iskenderun's Mystic Blast (safe; 1% risk of failure)
Confirm with . or Enter, or press ? or * to list all spells.
Aiming: Iskenderun's Mystic Blast (safe; 1% risk of failure)
Press: ? - help, Shift-Dir - straight line, f/p - Pikel
Aim: Pikel, wielding a whip of electrocution, wearing a robe and carrying a wand of acid (2) (heavily wounded)
The orb of energy hits Pikel.
Pikel is severely wounded.
The orb of energy explodes!
You hear a shout!
Pikel zaps a wand.
The bolt of acid hits you!
* * * LOW HITPOINT WARNING * * *
You are splashed with acid!
The acid burns!
You die...

....._..#.##.#
....P...#.##.#####.
##......#..........
...##.........##.#
##.####.####..##.#
#.# #.###...##.#
#.#
#.##.....#.#######
#.#
#.###...##.......(
#.# #.####.K..@...#
#.#
##.......###$#.#
#.# #.....#### #.#
#.###.###.######.#
#.....# #........#
#####.###.########
#.(...# #######


You could see Pikel.

Vanquished Creatures
  Edmund (D:4)
  A water moccasin (D:5)
  An ice beast (D:6)
  A sky beast (D:5)
  A phantom (D:5)
  2 black bears (D:6)
  A scorpion (D:4)
  A howler monkey (D:5)
  4 crimson imps
  2 jellies (D:5)
  An orc priest (D:6)
  2 hounds
  2 orc wizards
  Ijyb (D:4)
  A bullfrog skeleton (D:4)
  2 iguanas (D:4)
  4 worker ants
  2 hound skeletons
  3 gnolls (D:2)
  8 adders
  2 oozes (D:1)
  2 worms
  5 leopard geckos
  18 orcs
  5 giant cockroaches
  8 goblins
  4 hobgoblins (D:1)
  2 jackals (D:4)
  3 kobolds
  5 quokkas
  8 bats
  6 frilled lizards
  A quokka skeleton (D:3)
  11 rats
121 creatures vanquished.

Vanquished Creatures (others)
  A fulminant prism (D:6)
1 creature vanquished.

Grand Total: 122 creatures vanquished

Notes
Turn   | Place    | Note
-------+----------+-------------------------------------------
     0 | D:1      | royokou the Deep Elf Conjurer began the quest for the Orb.
     0 | D:1      | Reached XP level 1. HP: 10/10 MP: 6/6
   188 | D:1      | Reached XP level 2. HP: 15/15 MP: 1/8
   192 | D:1      | Learned a level 2 spell: Searing Ray
   316 | D:1      | Reached skill level 5 in Conjurations
   447 | D:1      | Reached XP level 3. HP: 19/19 MP: 1/10
   452 | D:1      | Learned a level 3 spell: Dazzling Spray
  1714 | D:2      | Reached XP level 4. HP: 14/24 MP: 0/12
  1879 | D:2      | Found a shadowy altar of Dithmenos.
  1923 | D:2      | Learned a level 4 spell: Iskenderun's Mystic Blast
  2130 | D:3      | Reached skill level 6 in Conjurations
  2722 | D:3      | Reached XP level 5. HP: 28/28 MP: 10/14
  3402 | D:4      | Reached skill level 5 in Spellcasting
  3548 | D:3      | Reached skill level 7 in Conjurations
  3708 | D:4      | Reached XP level 6. HP: 32/32 MP: 6/16
  3710 | D:4      | Noticed Ijyb
  3850 | D:4      | Killed Ijyb
  4048 | D:4      | Learned a level 4 spell: Fulminant Prism
  4419 | D:4      | Noticed Edmund
  4427 | D:4      | Killed Edmund
  4427 | D:4      | Reached skill level 8 in Conjurations
  4427 | D:4      | Reached XP level 7. HP: 25/36 MP: 0/18
  4928 | D:5      | Entered Level 5 of the Dungeon
  4934 | D:5      | Learned a level 4 spell: Force Lance
  5791 | D:5      | Reached skill level 9 in Conjurations
  5845 | D:5      | Found a staircase to the Ecumenical Temple.
  5856 | Temple   | Entered the Ecumenical Temple
  5878 | Temple   | Became a worshipper of Vehumet
  6112 | D:5      | Reached skill level 5 in Dodging
  6112 | D:5      | Reached XP level 8. HP: 34/41 MP: 11/19
  6462 | D:6      | Reached skill level 1 in Hexes
  6471 | D:6      | Noticed Pikel
  6549 | D:6      | Reached skill level 1 in Translocations
  6562 | D:6      | Noticed Sigmund
  6587 | D:6      | Noticed Eustachio
  6839 | D:6      | Reached * piety under Vehumet
  6839 | D:6      | Offered knowledge of Shock by Vehumet.
  6839 | D:6      | Reached skill level 1 in Fighting
  6973 | D:6      | Found a bloodstained altar of Trog.
  7036 | D:6      | Splashed by Pikel's acid

Vault maps used:
D:1:      saegor_arrival_simple_e, minmay_tall_x
D:2:      first_ration, serial_forest, infiniplex_forest_clump_small,
          infiniplex_forest_lined_room_3, infiniplex_forest_clump_large,
          infiniplex_forest_end_1, infiniplex_forest_clump_tiny,
          grunt_dithmenos_smoke
D:3:      serial_co_window_serial, co_window_cross_1,
          co_window_of_opportunity_a, co_window_paths_a, co_window_paths_a,
          co_window_paths_a, co_window_paths_a, co_window_paths_a,
          co_window_paths_c, co_window_corner_cb, co_window_broadway_b,
          corexii_corridor_pit
D:4:      uniq_ijyb, uniq_edmund
D:5:      minmay_temple_entry_glassed_door
D:6:      trog_ov_bears_minmay, uniq_pikel, uniq_eustachio, uniq_sigmund
Temple:   regret_index_temple_mists

Skill      XL: |  1  2  3  4  5  6  7  8 |
---------------+-------------------------+-----
Conjurations   | 5 6 7 8 9 |  9.3
Spellcasting   | 4 5 6 |  6.5
Dodging        | 5 6 |  6.7
Hexes          | 2 |  2.5
Translocations | 2 |  2.1
Fighting       | 1 |  1.0
Stealth        | |  2.4

Action                   |  1- 3 |  4- 6 |  7- 9 || total
-------------------------+-------+-------+-------++-------
Melee: Unarmed           |     1 |       |       ||     1
       Dagger            |     5 |     1 |       ||     6
       Short sword       |       |       |    11 ||    11
 Cast: Magic Dart        |    70 |    50 |    53 ||   173
       Searing Ray       |     2 |    29 |    18 ||    49
       Dazzling Spray    |     1 |       |       ||     1
       Iskenderun's Myst |       |     9 |    18 ||    27
       Fulminant Prism   |       |       |     1 ||     1
  Use: Scroll            |     7 |       |     3 ||    10
  Eat: Chunk             |     1 |    10 |     3 ||    14
       Ration            |       |       |     2 ||     2
Armor: Robe              |     1 |     5 |     7 ||    13
Dodge: Dodged            |     8 |    15 |    21 ||    44

Table legend:
 A = Spawn XP
 B = Non-spawn XP
 C = Spawn XP percentage of total XP
 D = Spawn monster count
 E = Non-spawn monster count
 F = Spawn count percentage of total count
 G = Total turns spent on level
                    A         B        C        D         E        F      G
               +---------+---------+-------+---------+---------+-------+---------
         Total |       0 |    2206 |   0.0 |       0 |     121 |   0.0 |  7036
               +---------+---------+-------+---------+---------+-------+---------
           D:1 |       0 |      54 |   0.0 |       0 |      29 |   0.0 |  1081
           D:2 |       0 |      64 |   0.0 |       0 |      13 |   0.0 |   875
           D:3 |       0 |     155 |   0.0 |       0 |      31 |   0.0 |  1501
           D:4 |       0 |     604 |   0.0 |       0 |      22 |   0.0 |  1805
           D:5 |       0 |     689 |   0.0 |       0 |      14 |   0.0 |  1282
           D:6 |       0 |     640 |   0.0 |       0 |      12 |   0.0 |   453
               +---------+---------+-------+---------+---------+-------+---------
